 Dungeon Crawl Stone Soup version 0.25-a0-1137-g7f6bfe439b (webtiles) character file.

Game seed: 8810205886726058994, levelgen mode: classic

104 Amnesiac the Poker (level 4, -5/33 HPs)
             Began as a Merfolk Skald on May 23, 2020.
             Slain by an orc
             ... wielding a +0 mace
              (8 damage)
             ... on level 3 of the Dungeon.
             The game lasted 00:05:15 (2992 turns).

Amnesiac the Poker (Merfolk Skald)                  Turns: 2992, Time: 00:05:16

Health: -5/33      AC:  3    Str: 12    XL:     4   Next: 80%
Magic:  2/7        EV: 12    Int: 12    God:
Gold:   66         SH:  0    Dex: 13    Spells: 1/7 levels left

rFire    . . .     SeeInvis .   a - +0 spear
rCold    . . .     Gourm    .   (no shield)
rNeg     . . .     Faith    .   b - +0 leather armour
rPois    .         Spirit   .   (no helmet)
rElec    .         Reflect  .   (no cloak)
rCorr    .         Harm     .   (no gloves)
MR       .....                  (no boots)
Stlth    +.........             (no amulet)
HPRegen  0.11/turn              (no ring)
MPRegen  0.10/turn              (no ring)

@: mighty, singing (expiring), stab
A: change form in water, swift swim, stealthy swim
a: no special abilities


You were on level 3 of the Dungeon.
You were hungry.

You visited 1 branch of the dungeon, and saw 3 of its levels.

You collected 66 gold pieces.

Inventory:

Hand Weapons
 a - a +0 spear (weapon)
Missiles
 j - 4 curare-tipped darts (quivered)
Armour
 b - a +0 leather armour (worn)
 e - a +0 plate armour
Jewellery
 k - a cursed ring of teleportation {unknown}
Scrolls
 f - 2 scrolls of identify {!r, unknown}
 h - a scroll of immolation {!r, unknown}
 l - 2 scrolls of teleportation {!r, unknown}
 m - a scroll of enchant armour {!r, unknown}
 n - a scroll of fog {!r, unknown}
Potions
 c - a potion of stabbing {!q}
Comestibles
 d - 4 rations


   Skills:
 - Level 2.1 Fighting
 * Level 6.0 Polearms
 - Level 0.6 Armour
 - Level 2.6 Dodging
 - Level 2.0 Spellcasting
 + Level 4.3 Charms


You had one spell level left.
You knew the following spells:

 Your Spells              Type           Power        Failure   Level  Hunger
a - Infusion              Chrm           ##..         6%          1    ##.....
b - Song of Slaying       Chrm           ##......     9%          2    ###....
e - Spectral Weapon       Hex/Chrm       #.......     41%         3    ####...

Your spell library contained the following spells:

 Spells                   Type           Power        Failure   Level  Hunger
 Shroud of Golubria       Chrm/Tloc      #.....       22%         2    ###....
 Ozocubu's Armour         Chrm/Ice       #.......     41%         3    ####...


Dungeon Overview and Level Annotations

Branches:
Dungeon (3/15)

Altars:
Ru
The Shining One


Message History

You hit the orc but do no damage. The adder barely misses you.
You barely miss the orc. The adder bites you but does no damage.
The orc hits you with a +0 falchion.
* * * LOW HITPOINT WARNING * * *
Okay, then.
You hit the orc but do no damage. The adder bites you but does no damage.
The orc hits you with a +0 falchion.
* * * LOW HITPOINT WARNING * * *
You hit the orc.
The orc is heavily wounded.
You are no longer magically infusing your attacks.
The adder bites you.
* * * LOW HITPOINT WARNING * * *
The orc hits you with a +0 falchion.
* * * LOW HITPOINT WARNING * * *
You hit the orc but do no damage.
The orc is heavily wounded.
The adder bites you.
* * * LOW HITPOINT WARNING * * *
You hit the orc but do no damage.
The orc is heavily wounded.
The adder barely misses you. The orc misses you.
You closely miss the orc.
The orc is heavily wounded.
You hear a shout!
The adder closely misses you. The orc hits you but does no damage.
You hit the orc but do no damage.
The orc is heavily wounded.
The adder barely misses you.
The orc wizard mumbles some strange words.
The orc wizard flickers and vanishes!
Deactivating autopickup; reactivate with Ctrl-A.
Okay, then.
Okay, then.
You hit the orc but do no damage.
The orc is heavily wounded.
The adder bites you.
* * * LOW HITPOINT WARNING * * *
The orc barely misses you.
You hit the orc.
You kill the orc!
The adder bites you but does no damage. The adder closely misses you.
Found a glowing hand axe.
Things that are here:
a +0 falchion; a +0 chain mail You hit the adder.
The adder is lightly wounded.
The adder bites you.
* * * LOW HITPOINT WARNING * * *
You hit the orc.
The orc is moderately wounded.
The orc closely misses you.
Really quaff
c - 2 dark potions {!q}?
It was a potion of stabbing {!q}.
You feel ready to backstab. The orc hits you but does no damage.
You hit the orc but do no damage.
The orc is moderately wounded.
Really quaff
i - a yellow potion {!q}?
It was a potion of might {!q}.
You feel very mighty all of a sudden.
Your song is almost over.
The orc hits you with a +0 mace!
You die...

#..{............
#.>............[
#.......<#
#....#..##
#......##
..####.## #Sw#
#o#### #@...#
#..........#
#............#
#............#
#..........).#
##..=.......##
##...##...##
#### ####


You could see a worm, an adder and an orc.

Vanquished Creatures
  An orc wizard (D:2)
  2 adders (D:2)
  An ooze (D:3)
  A worm (D:2)
  A dart slug (D:2)
  A leopard gecko (D:2)
  3 orcs (D:3)
  6 bats
  2 giant cockroaches (D:2)
  3 hobgoblins
  6 jackals
  6 kobolds
  A ball python (D:1)
  3 frilled lizards
  6 goblins
  5 rats
48 creatures vanquished.

Vanquished Creatures (others)
  A spectral weapon (D:3)
1 creature vanquished.

Grand Total: 49 creatures vanquished

Notes
Turn   | Place    | Note
-------+----------+-------------------------------------------
     0 | D:1      | Amnesiac the Merfolk Skald began the quest for the Orb.
     0 | D:1      | Reached XP level 1. HP: 16/16 MP: 3/3
   462 | D:1      | Reached XP level 2. HP: 19/22 MP: 1/5
   466 | D:1      | Learned a level 2 spell: Song of Slaying
   695 | D:1      | Reached skill level 4 in Polearms
  1163 | D:2      | Reached XP level 3. HP: 18/27 MP: 1/6
  1168 | D:2      | Learned a level 3 spell: Spectral Weapon
  1220 | D:2      | Found a glowing golden altar of the Shining One.
  1790 | D:2      | Reached skill level 5 in Polearms
  1872 | D:2      | Reached XP level 4. HP: 24/33 MP: 1/7
  2710 | D:2      | Reached skill level 6 in Polearms
  2963 | D:3      | Found a sacrificial altar of Ru.
  2992 | D:3      | Slain by an orc

Illustrated notes

Levels and vault maps discovered:
D:1:      dpeg_arrival_renting, layout_basic
D:2:      layout_loops_corners, nicolae_tso_carved_into_rock, first_ration
D:3:      layout_rooms, grunt_temple_overflow_order_and_chaos_2,
          lemuel_crystal_altar, trog_wizard

Skill      XL: |  1  2  3  4 |
---------------+-------------+-----
Polearms       | 4 5 6 |  6.0
Charms         | 4 |  4.3
Fighting       | |  2.1
Armour         | |  0.6
Dodging        | |  2.6
Spellcasting   | |  2.0

Action                   |  1- 3 |  4- 6 || total
-------------------------+-------+-------++-------
Melee: Spear             |   126 |    77 ||   203
 Cast: Infusion          |    16 |     8 ||    24
       Song of Slaying   |     6 |     3 ||     9
       Spectral Weapon   |     1 |     2 ||     3
  Use: Potion            |     2 |     2 ||     4
  Eat: Chunk             |     4 |     4 ||     8
Armor: Leather armour    |    17 |    13 ||    30
Dodge: Dodged            |    51 |    31 ||    82

Table legend:
 A = Non-vault XP
 B = Vault XP
 C = Vault XP percentage of total XP
 D = Non-vault monster count
 E = Vault monster count
 F = Vault count percentage of total count
                 A         B        C        D         E       F
            +---------+---------+-------+---------+---------+-------
      Total |     149 |       0 |   0.0 |      48 |       0 |   0.0
            +---------+---------+-------+---------+---------+-------
        D:1 |      22 |       0 |   0.0 |      15 |       0 |   0.0
        D:2 |     103 |       0 |   0.0 |      24 |       0 |   0.0
        D:3 |      24 |       0 |   0.0 |       9 |       0 |   0.0
            +---------+---------+-------+---------+---------+-------
